AoeStats
← royethatboy

Black Forest

507512040Analyzed
4v4 RM · 13d ago on Sep 18, 2026· 78m 19s· 8 players
Game mode
Random Map
Map size
Large (8 player)
Population
200
Speed
Normal
Resources
Standard
Victory
Conquest
Starting age
Dark Age
Ending age
Imperial Age
RankedLock teamsTeams togetherTeam positionsShared explorationLock speedFull tech treeHidden civsTurbo modeCheats
Victory
Defeat
🇪🇸 Cumans · Spain
942
+15
🇨🇱 Magyars · Chile
923
+16
🇹🇷 Turks · Türkiye
918
+16
🇮🇳 Wu · India
901
+17
🇮🇳 Saracens · India
1020
-21
🇮🇳 Gurjaras · India
953
-17
🇮🇳 Mongols · India
878
-14
🇮🇳 Khmer · India
824
-12
DOLAREX
0:57 Loom
18:27 Feudal Age
19:23 Horse Collar
19:35 Gold Mining
19:30 Double-Bit Axe
26:03 Castle Age
31:42 Wheelbarrow
34:05 Imperial Age
34:13 Imperial Age
32:20 Town Watch
33:44 Bow Saw
33:43 Heavy Plow
34:23 Gold Shaft Mining
35:56 Padded Archer Armor
37:19 Ballistics
39:48 Hand Cart
39:34 Town Patrol
41:24 Leather Archer Armor
45:27 Stone Mining
48:16 Artillery
48:37 Conscription
John Kalztan
8:16 Loom
11:33 Feudal Age
12:16 Double-Bit Axe
12:24 Horse Collar
22:27 Castle Age
21:30 Bloodlines
22:14 Stone Mining
22:18 Gold Mining
24:53 Bow Saw
24:46 Heavy Plow
28:18 Ballistics
27:52 Fletching
29:12 Bodkin Arrow
29:18 Padded Archer Armor
29:45 Thumb Ring
29:28 Town Watch
32:42 Imperial Age
31:32 Wheelbarrow
32:47 Elite Kipchak
33:49 Conscription
34:38 Hand Cart
34:24 Town Patrol
34:47 Steppe Husbandry
34:16 Elite Steppe Lancer
35:25 Parthian Tactics
36:03 Chemistry
35:33 Leather Archer Armor
35:24 Scale Barding Armor
37:01 Capped Ram
38:45 Ring Archer Armor
38:36 Chain Barding Armor
39:43 Two-Man Saw
41:00 Crop Rotation
41:08 Gold Shaft Mining
41:10 Caravan
42:19 Plate Barding Armor
41:55 Forging
48:26 Iron Casting
48:31 Hoardings
60:02 Onager
60:03 Siege Ram
61:28 Coinage
61:10 Guilds
66:41 Squires
66:03 Man-at-Arms
66:06 Pikeman
66:34 Arson
67:32 Halberdier
72:57 Scale Mail Armor
73:58 Blast Furnace
73:57 Siege Onager
SMVBLUESTAR
11:10 Loom
12:56 Feudal Age
14:03 Horse Collar
18:29 Castle Age
16:44 Double-Bit Axe
21:29 Stone Mining
22:00 Bow Saw
22:11 Heavy Plow
27:31 Wheelbarrow
26:42 Town Watch
30:19 Hand Cart
34:06 Imperial Age
33:30 Fletching
33:40 Padded Archer Armor
34:09 Caravan
34:52 Bodkin Arrow
35:39 Bracer
36:05 Leather Archer Armor
36:53 Chemistry
36:15 Ballistics
36:08 Masonry
36:32 Conscription
40:20 Elite Fire Archer
45:14 Squires
45:00 Arson
46:37 Scale Mail Armor
46:48 Forging
46:57 Forging
48:05 Chain Mail Armor
48:28 Iron Casting
50:47 Plate Mail Armor
51:17 Blast Furnace
51:24 Blast Furnace
55:22 Onager
66:15 Bloodlines
66:06 Husbandry
65:29 Heavy Hei Guang Cavalry
66:24 Scale Barding Armor
67:12 Light Cavalry
72:57 Hussar
RafaelLoz
1:15 Loom
15:02 Feudal Age
15:38 Feudal Age
16:56 Wheelbarrow
21:19 Castle Age
19:19 Fletching
20:33 Horse Collar
22:47 Double-Bit Axe
34:53 Imperial Age
33:36 Bow Saw
33:42 Gold Mining
33:45 Stone Mining
34:40 Hand Cart
34:50 Ballistics
35:37 Caravan
35:49 Thumb Ring
35:40 Heavy Cavalry Archer
37:33 Two-Man Saw
37:41 Parthian Tactics
38:43 Gold Shaft Mining
38:15 Recurve Bow
38:41 Heavy Plow
40:12 Corvinian Army
40:33 Elite Magyar Huszar
43:18 Chemistry
42:53 Crop Rotation
43:28 Padded Archer Armor
43:25 Bodkin Arrow
44:43 Scale Barding Armor
44:42 Bracer
44:57 Leather Archer Armor
45:48 Town Watch
46:27 Chain Barding Armor
47:08 Conscription
47:25 Sappers
49:17 Husbandry
49:31 Bloodlines
50:56 Cavalier
52:51 Treadmill Crane
56:45 Heated Shot
60:35 Ring Archer Armor
60:42 Plate Barding Armor
61:21 Hoardings
64:01 Town Patrol
MindFreak ®
0:33 Loom
10:57 Feudal Age
18:20 Castle Age
16:15 Double-Bit Axe
21:10 Horse Collar
25:26 Bow Saw
25:38 Stone Mining
25:38 Gold Mining
31:12 Imperial Age
30:00 Wheelbarrow
30:27 Forging
30:22 Scale Barding Armor
31:39 Kshatriyas
32:43 Hand Cart
33:47 Caravan
34:17 Coinage
34:28 Fletching
34:38 Padded Archer Armor
34:59 Chain Barding Armor
35:14 Iron Casting
35:44 Frontier Guards
36:32 Conscription
37:06 Heavy Plow
36:48 Elite Chakram Thrower
39:01 Banking
38:31 Bodkin Arrow
38:52 Leather Archer Armor
39:12 Plate Barding Armor
38:38 Scale Mail Armor
40:29 Chemistry
39:50 Ballistics
39:35 Town Watch
40:26 Thumb Ring
41:33 Elite Elephant Archer
45:33 Husbandry
45:43 Bloodlines
44:55 Elite Shrivamsha Rider
47:11 Town Patrol
62:54 Light Cavalry
69:07 Bracer
69:23 Chain Mail Armor
71:45 Fortified Wall
72:25 Hussar
72:26 Heavy Camel Rider
SHALOMS WRATH
0:33 Loom
15:55 Feudal Age
17:11 Double-Bit Axe
24:50 Castle Age
22:50 Gold Mining
22:53 Stone Mining
22:53 Horse Collar
23:23 Gold Mining
27:44 Wheelbarrow
27:50 Bow Saw
28:51 Gold Shaft Mining
29:55 Wheelbarrow
32:25 Hand Cart
36:42 Imperial Age
34:44 Heavy Plow
35:44 Caravan
36:09 Husbandry
36:24 Bloodlines
36:49 Ballistics
36:27 Murder Holes
36:17 Treadmill Crane
37:22 Padded Archer Armor
37:12 Fletching
37:29 Scale Barding Armor
37:34 Forging
37:27 Elite Skirmisher
38:13 Thumb Ring
40:21 Chemistry
39:30 Siege Engineers
39:35 Masonry
39:34 Bodkin Arrow
39:55 Leather Archer Armor
40:30 Town Watch
40:32 Arson
40:48 Squires
42:24 Town Patrol
43:33 Two-Man Saw
43:10 Ring Archer Armor
42:40 Bracer
43:48 Elite Mameluke
45:08 Conscription
45:52 Iron Casting
45:38 Chain Barding Armor
51:41 Plate Barding Armor
52:07 Blast Furnace
54:49 Coinage
56:04 Banking
62:52 Counterweights
62:52 Bimaristan
63:23 Hoardings
63:29 Hoardings
63:04 Bimaristan
63:05 Counterweights
63:43 Light Cavalry
63:44 Heavy Camel Rider
65:39 Hussar
royethatboy
0:52 Loom
15:18 Feudal Age
16:20 Horse Collar
16:31 Double-Bit Axe
24:41 Castle Age
24:46 Bloodlines
24:56 Gold Mining
25:26 Fletching
25:49 Caravan
26:23 Town Watch
26:44 Bodkin Arrow
26:52 Padded Archer Armor
29:06 Husbandry
29:31 Leather Archer Armor
30:27 Fortified Wall
32:44 Wheelbarrow
33:34 Stone Mining
35:32 Ballistics
36:08 Scale Barding Armor
36:30 Masonry
37:55 Chain Barding Armor
38:59 Thumb Ring
40:17 Devotion
40:33 Forging
40:00 Light Cavalry
42:13 Gold Shaft Mining
45:55 Imperial Age
45:06 Nomads
49:45 Imperial Age
49:54 Heavy Plow
50:47 Stone Shaft Mining
51:11 Parthian Tactics
50:56 Bracer
53:05 Conscription
58:19 Town Patrol
59:15 Pikeman
60:36 Iron Casting
infinity
0:51 Loom
14:37 Feudal Age
16:12 Wheelbarrow
15:25 Town Watch
15:34 Double-Bit Axe
15:32 Horse Collar
16:35 Gold Mining
23:33 Bloodlines
23:36 Arson
26:37 Forging
26:32 Scale Mail Armor
26:38 Scale Barding Armor
29:32 Castle Age
27:40 Stone Mining
31:32 Hand Cart
31:18 Town Patrol
31:26 Husbandry
30:49 Pikeman
38:39 Imperial Age
37:28 Heavy Plow
40:01 Gold Shaft Mining
39:40 Bow Saw
40:03 Crop Rotation
40:15 Conscription
47:47 Iron Casting
47:34 Chain Barding Armor
47:29 Chain Mail Armor
49:44 Blast Furnace
49:22 Stone Shaft Mining
66:10 Fletching
66:21 Padded Archer Armor
67:38 Elite Skirmisher
Connection lost

Rejoining the realm…

Still unreachable

The connection could not be restored.

Session expired

The server has moved on; the page needs a fresh start.